TOP OF THE 1ST |
Batavia Muckdogs batting - Pitching for Cincinnati (NYP) Reds : LHP Jesus Perez
|
Pitching: LHP Jesus Perez
|
|
Batting: SHB Justin Corbett
|
0-0: Called Strike 0-1: Swinging Strike 0-2: Ball 1-2: Ball 2-2: SOLO HOME RUN (Flyball, 78XD, EV 111.2 MPH), Distance : 440 ft
|
Batting: RHB Hiromitsu Yamada
|
0-0: Called Strike 0-1: Ball 1-1: Foul Ball, location: 2F 1-2: Strikes out swinging
|
Batting: SHB Greg Rivera
|
0-0: Ball 1-0: DOUBLE (Line Drive, 78D, EV 104.4 MPH)
|
Batting: RHB Justin Dunham
|
0-0: Called Strike 0-1: Called Strike 0-2: Foul Ball, location: 2F 0-2: Ball 1-2: Ball 2-2: Ball 3-2: Fly out, F7 (Line Drive, 7, EV 86.9 MPH)
|
Batting: RHB Reomel Somera
|
0-0: Ball 1-0: Swinging Strike 1-1: Ball 2-1: Ground out 6-3 (Groundball, 6, EV 106.2 MPH)
|
Top of the 1st over - 1 run, 2 hits, 0 errors, 1 left on base; Batavia 1 - Cincinnati (NYP) 0 |
BOTTOM OF THE 1ST |
Cincinnati (NYP) Reds batting - Pitching for Batavia Muckdogs : RHP Rodolfo Mendez
|
Pitching: RHP Rodolfo Mendez
|
|
Batting: RHB Jon Marquez
|
0-0: Ball 1-0: Swinging Strike 1-1: Foul Ball, location: 2F 1-2: Foul Ball, location: 2F 1-2: Strikes out swinging
|
Batting: SHB Kristian Kristensen
|
0-0: SINGLE (Groundball, 4MD, EV 97.5 MPH)
|
Batting: RHB Randy Grewe
|
0-0: Ball 1-0: Foul Ball, location: 2F 1-1: Foul Ball, location: 2F 1-2: Ball 2-2: Foul Ball, location: 2F 2-2: Strikes out swinging
|
Batting: LHB Brian Dickeson
|
0-0: Foul Ball, location: 2F 0-1: Ball 1-1: Foul Ball, location: 2F 1-2: Strikes out looking
|
Bottom of the 1st over - 0 runs, 1 hit, 0 errors, 1 left on base; Batavia 1 - Cincinnati (NYP) 0 |
TOP OF THE 2ND |
Batavia Muckdogs batting - Pitching for Cincinnati (NYP) Reds : LHP Jesus Perez
|
Batting: LHB Danny Treto
|
0-0: Ground out 2-3 (Groundball, 13S, EV 70.6 MPH)
|
Batting: RHB Andy Kelly
|
0-0: Called Strike 0-1: Ball 1-1: Ball 2-1: Swinging Strike 2-2: Ball 3-2: SINGLE (Groundball, 6MD, EV 95.0 MPH)
|
Batting: RHB Jason Thrash
|
0-0: Called Strike Andy Kelly steals 2nd base 0-1: Foul Ball, location: 2F 0-2: Ball 1-2: Foul Ball, location: 2F 1-2: Strikes out swinging
|
Batting: RHB Calvin Morin
|
0-0: Called Strike 0-1: SINGLE (Groundball, 34D, EV 102.5 MPH) Andy Kelly to third Runner from 3rd tries for Home, SAFE, throw by RF to home
|
Batting: SHB Justin Corbett
|
0-0: Called Strike 0-1: Ground out U3 (Groundball, 3, EV 85.0 MPH)
|
Top of the 2nd over - 1 run, 2 hits, 0 errors, 1 left on base; Batavia 2 - Cincinnati (NYP) 0 |
BOTTOM OF THE 2ND |
Cincinnati (NYP) Reds batting - Pitching for Batavia Muckdogs : RHP Rodolfo Mendez
|
Batting: RHB David Clough
|
0-0: Swinging Strike 0-1: Ball 1-1: Called Strike 1-2: Fly out, F9 (Flyball, 89M, EV 81.9 MPH)
|
Batting: SHB Cesar Pelayo
|
0-0: Ball 1-0: Ball 2-0: Ball 3-0: Called Strike 3-1: SINGLE (Flyball, 89S, EV 86.9 MPH)
|
Batting: RHB R.J. Romberg
|
0-0: Grounds into double play, 6-4-3 (Groundball, 6, EV 85.0 MPH)
|
Bottom of the 2nd over - 0 runs, 1 hit, 0 errors, 0 left on base; Batavia 2 - Cincinnati (NYP) 0 |
TOP OF THE 3RD |
Batavia Muckdogs batting - Pitching for Cincinnati (NYP) Reds : LHP Jesus Perez
|
Batting: RHB Hiromitsu Yamada
|
0-0: Called Strike 0-1: Foul Ball, location: 2F 0-2: Ball 1-2: Ball 2-2: Foul Ball, location: 2F 2-2: Strikes out swinging
|
Batting: SHB Greg Rivera
|
0-0: Ball 1-0: Called Strike 1-1: DOUBLE (Line Drive, 9LM, EV 98.8 MPH)
|
Batting: RHB Justin Dunham
|
0-0: Ball 1-0: SINGLE (Groundball, 6MD, EV 106.9 MPH) Greg Rivera to third
|
Batting: RHB Reomel Somera
|
0-0: Called Strike 0-1: Foul Ball, location: 2F 0-2: Ball 1-2: Strikes out swinging
|
Batting: LHB Danny Treto
|
0-0: Ball 1-0: Called Strike 1-1: Swinging Strike 1-2: Ball 2-2: Strikes out swinging
|
Top of the 3rd over - 0 runs, 2 hits, 0 errors, 2 left on base; Batavia 2 - Cincinnati (NYP) 0 |
BOTTOM OF THE 3RD |
Cincinnati (NYP) Reds batting - Pitching for Batavia Muckdogs : RHP Rodolfo Mendez
|
Batting: RHB Cyd Carver
|
0-0: Called Strike 0-1: Foul Ball, location: 2F 0-2: Ball 1-2: Strikes out swinging
|
Batting: LHB Akira Yamano
|
0-0: Ball 1-0: Called Strike 1-1: Ground out 5-3 (Groundball, 5, EV 78.8 MPH)
|
Batting: RHB Jon Marquez
|
0-0: Ball 1-0: Called Strike 1-1: SINGLE (Groundball, 6MD, EV 94.4 MPH)
|
Batting: SHB Kristian Kristensen
|
0-0: Ball Jon Marquez steals 2nd base 1-0: Ball 2-0: Foul Ball, location: 2F 2-1: Foul Ball, location: 2F 2-2: Ground out 6-3 (Groundball, 6, EV 75.6 MPH)
|
Bottom of the 3rd over - 0 runs, 1 hit, 0 errors, 1 left on base; Batavia 2 - Cincinnati (NYP) 0 |
TOP OF THE 4TH |
Batavia Muckdogs batting - Pitching for Cincinnati (NYP) Reds : LHP Jesus Perez
|
Batting: RHB Andy Kelly
|
0-0: Called Strike 0-1: Swinging Strike 0-2: Strikes out swinging
|
Batting: RHB Jason Thrash
|
0-0: Ball 1-0: Swinging Strike 1-1: Swinging Strike 1-2: Strikes out looking
|
Batting: RHB Calvin Morin
|
0-0: Called Strike 0-1: Ball 1-1: Foul Ball, location: 2F 1-2: Foul Ball, location: 2F 1-2: Strikes out swinging
|
Top of the 4th over - 0 runs, 0 hits, 0 errors, 0 left on base; Batavia 2 - Cincinnati (NYP) 0 |
BOTTOM OF THE 4TH |
Cincinnati (NYP) Reds batting - Pitching for Batavia Muckdogs : RHP Rodolfo Mendez
|
Batting: RHB Randy Grewe
|
0-0: Fly out, F8 (Flyball, 8RD, EV 102.5 MPH)
|
Batting: LHB Brian Dickeson
|
0-0: Ball 1-0: Ball 2-0: Foul Ball, location: 2F 2-1: Ground out 3-1 (Groundball, 13, EV 75.6 MPH)
|
Batting: RHB David Clough
|
0-0: Ground out 4-3 (Groundball, 4, EV 86.9 MPH)
|
Bottom of the 4th over - 0 runs, 0 hits, 0 errors, 0 left on base; Batavia 2 - Cincinnati (NYP) 0 |
TOP OF THE 5TH |
Batavia Muckdogs batting - Pitching for Cincinnati (NYP) Reds : LHP Jesus Perez
|
Batting: SHB Justin Corbett
|
0-0: Foul Ball, location: 2F 0-1: Swinging Strike 0-2: Foul Ball, location: 2F 0-2: Strikes out swinging
|
Batting: RHB Hiromitsu Yamada
|
0-0: Ball 1-0: Called Strike 1-1: Called Strike 1-2: Foul Ball, location: 2F 1-2: Hit by Pitch
|
Batting: SHB Greg Rivera
|
0-0: Ball 1-0: Ball 2-0: SINGLE (Groundball, 6MD, EV 108.8 MPH) Hiromitsu Yamada to second
|
Batting: RHB Justin Dunham
|
0-0: Swinging Strike 0-1: Ball 1-1: Foul Ball, location: 2F 1-2: Ball 2-2: Foul Ball, location: 2F 2-2: Strikes out swinging
|
Batting: RHB Reomel Somera
|
0-0: Ball 1-0: Called Strike 1-1: Fielders Choice at 2nd, 5-4 (Groundball, 56, EV 102.5 MPH)
|
Top of the 5th over - 0 runs, 1 hit, 0 errors, 2 left on base; Batavia 2 - Cincinnati (NYP) 0 |
BOTTOM OF THE 5TH |
Cincinnati (NYP) Reds batting - Pitching for Batavia Muckdogs : RHP Rodolfo Mendez
|
Batting: SHB Cesar Pelayo
|
0-0: Ball 1-0: Ball 2-0: SINGLE (Groundball, 34D, EV 102.5 MPH)
|
Batting: RHB R.J. Romberg
|
0-0: Ball 1-0: Ball 2-0: Foul Ball, location: 2F 2-1: Grounds into double play, 6-4-3 (Groundball, 6, EV 83.8 MPH)
|
Batting: RHB Cyd Carver
|
0-0: Ball 1-0: Called Strike 1-1: Ground out 6-3 (Groundball, 6, EV 79.4 MPH)
|
Bottom of the 5th over - 0 runs, 1 hit, 0 errors, 0 left on base; Batavia 2 - Cincinnati (NYP) 0 |
TOP OF THE 6TH |
Batavia Muckdogs batting - Pitching for Cincinnati (NYP) Reds : LHP Jesus Perez
|
Batting: LHB Danny Treto
|
0-0: Swinging Strike 0-1: Foul Ball, location: 2F 0-2: Strikes out looking
|
Batting: RHB Andy Kelly
|
0-0: Ball 1-0: Swinging Strike 1-1: Foul Ball, location: 2F 1-2: Foul Ball, location: 2F 1-2: Strikes out swinging
|
Batting: RHB Jason Thrash
|
0-0: Ball 1-0: Called Strike 1-1: Called Strike 1-2: Ground out 6-3 (Groundball, 6, EV 105.0 MPH)
|
Top of the 6th over - 0 runs, 0 hits, 0 errors, 0 left on base; Batavia 2 - Cincinnati (NYP) 0 |
BOTTOM OF THE 6TH |
Cincinnati (NYP) Reds batting - Pitching for Batavia Muckdogs : RHP Rodolfo Mendez
|
Batting: LHB Akira Yamano
|
0-0: Called Strike 0-1: Ground out U3 (Groundball, 3L, EV 101.2 MPH)
|
Batting: RHB Jon Marquez
|
0-0: Foul Ball, location: 2F 0-1: Ball 1-1: Swinging Strike 1-2: Strikes out swinging
|
Batting: SHB Kristian Kristensen
|
0-0: Ball 1-0: Ball 2-0: Foul Ball, location: 2F 2-1: Ball 3-1: Foul Ball, location: 2F 3-2: Strikes out swinging
|
Bottom of the 6th over - 0 runs, 0 hits, 0 errors, 0 left on base; Batavia 2 - Cincinnati (NYP) 0 |
TOP OF THE 7TH |
Batavia Muckdogs batting - Pitching for Cincinnati (NYP) Reds : LHP Jesus Perez
|
Batting: RHB Calvin Morin
|
0-0: Ball 1-0: Ball 2-0: Ball 3-0: Called Strike 3-1: Foul Ball, location: 2F 3-2: Foul Ball, location: 2F 3-2: Foul Ball, location: 2F 3-2: Strikes out looking
|
Pitching: RHP Chris Miles
|
|
Batting: SHB Justin Corbett
|
0-0: Ball 1-0: Ball 2-0: Called Strike 2-1: Foul Ball, location: 2F 2-2: DOUBLE (Flyball, 8LXD, EV 107.5 MPH)
|
Batting: RHB Hiromitsu Yamada
|
0-0: Ball Wild Pitch! Justin Corbett to third 1-0: Called Strike 1-1: Ball 2-1: Swinging Strike 2-2: Ball 3-2: Strikes out looking
|
Batting: SHB Greg Rivera
|
0-0: Called Strike 0-1: Foul Ball, location: 2F 0-2: Foul Ball, location: 2F 0-2: Ball 1-2: Ball 2-2: Foul Ball, location: 2F 2-2: Foul Ball, location: 2F 2-2: Foul Ball, location: 2F 2-2: Ball 3-2: Base on Balls
|
Batting: RHB Justin Dunham
|
0-0: Ball 1-0: Fielders Choice at 2nd, 5-4 (Groundball, 56, EV 91.9 MPH)
|
Top of the 7th over - 0 runs, 1 hit, 0 errors, 2 left on base; Batavia 2 - Cincinnati (NYP) 0 |
BOTTOM OF THE 7TH |
Cincinnati (NYP) Reds batting - Pitching for Batavia Muckdogs : RHP Rodolfo Mendez
|
Batting: RHB Randy Grewe
|
0-0: Called Strike 0-1: SINGLE (Groundball, 6MD, EV 102.5 MPH)
|
Batting: LHB Brian Dickeson
|
0-0: Called Strike 0-1: Swinging Strike 0-2: Ball 1-2: Ball 2-2: Strikes out swinging
|
Batting: RHB David Clough
|
0-0: Ball Randy Grewe steals 2nd base 1-0: Called Strike Randy Grewe steals 3rd, throwing error, E2 Randy Grewe scores 1-1: Fly out, F7 (Flyball, 78D, EV 107.5 MPH)
|
Batting: SHB Cesar Pelayo
|
0-0: Swinging Strike 0-1: Swinging Strike 0-2: Foul Ball, location: 2F 0-2: Ball 1-2: Strikes out looking
|
Bottom of the 7th over - 1 run, 1 hit, 1 error, 0 left on base; Batavia 2 - Cincinnati (NYP) 1 |
TOP OF THE 8TH |
Batavia Muckdogs batting - Pitching for Cincinnati (NYP) Reds : RHP Chris Miles
|
Batting: RHB Reomel Somera
|
0-0: Ball 1-0: Ball 2-0: Called Strike 2-1: Foul Ball, location: 2F 2-2: Ground out 6-3 (Groundball, 6, EV 101.2 MPH)
|
Batting: LHB Danny Treto
|
0-0: SINGLE (Line Drive, 56D, EV 98.1 MPH)
|
Batting: RHB Andy Kelly
|
0-0: Foul Ball, location: 2F 0-1: Ball 1-1: Ball 2-1: Called Strike 2-2: Strikes out swinging
|
Pitching: RHP Javier Perez
|
|
Batting: RHB Jason Thrash
|
0-0: Ball Danny Treto steals 2nd base 1-0: Called Strike 1-1: Called Strike 1-2: Ball 2-2: Foul Ball, location: 2F 2-2: Ball 3-2: Strikes out swinging
|
Top of the 8th over - 0 runs, 1 hit, 0 errors, 1 left on base; Batavia 2 - Cincinnati (NYP) 1 |
BOTTOM OF THE 8TH |
Cincinnati (NYP) Reds batting - Pitching for Batavia Muckdogs : RHP Rodolfo Mendez
|
Pinch Hitting: LHB Matthew Berry
|
0-0: Foul Ball, location: 2F 0-1: Swinging Strike 0-2: Ball 1-2: Ball 2-2: Ball 3-2: Foul Ball, location: 2F 3-2: Ground out 6-3 (Groundball, 6S, EV 80.0 MPH)
|
Pinch Hitting: SHB Rich Ranaldi
|
0-0: Ball 1-0: Ball 2-0: Ball 3-0: Called Strike 3-1: Base on Balls
|
Batting: LHB Akira Yamano
|
0-0: Called Strike 0-1: Ball 1-1: Called Strike 1-2: SINGLE (Groundball, 34D, EV 103.8 MPH) Rich Ranaldi to second Runner from 2nd tries for 3rd, SAFE, no throw by RF
|
Batting: RHB Jon Marquez
|
0-0: Foul Ball, location: 2F 0-1: Ball 1-1: Swinging Strike 1-2: Ground out 5-3 (Groundball, 56S, EV 91.9 MPH) Akira Yamano to second
|
Pitching: RHP Glen Patterson
|
|
Batting: SHB Kristian Kristensen
|
0-0: Ball 1-0: Called Strike 1-1: Ground out U3 (Groundball, 3L, EV 86.9 MPH)
|
Bottom of the 8th over - 0 runs, 1 hit, 0 errors, 2 left on base; Batavia 2 - Cincinnati (NYP) 1 |
TOP OF THE 9TH |
Batavia Muckdogs batting - Pitching for Cincinnati (NYP) Reds : RHP Javier Perez
|
Now at SS: Yasusaburo Kuwahara
|
|
Now in CF: Jason Pirkle
|
|
Batting: RHB Calvin Morin
|
0-0: Called Strike 0-1: Ball 1-1: Ball 2-1: Foul Ball, location: 2F 2-2: Foul Ball, location: 2F 2-2: Strikes out swinging
|
Batting: SHB Justin Corbett
|
0-0: Ground out U3 (Groundball, 34, EV 82.5 MPH)
|
Batting: RHB Hiromitsu Yamada
|
0-0: Called Strike 0-1: Swinging Strike 0-2: Ball 1-2: Ball 2-2: Ball 3-2: Base on Balls
|
Batting: SHB Greg Rivera
|
0-0: Swinging Strike 0-1: Ball 1-1: Ball 2-1: Called Strike Hiromitsu Yamada steals 2nd base 2-2: Strikes out swinging
|
Top of the 9th over - 0 runs, 0 hits, 0 errors, 1 left on base; Batavia 2 - Cincinnati (NYP) 1 |
BOTTOM OF THE 9TH |
Cincinnati (NYP) Reds batting - Pitching for Batavia Muckdogs : RHP Glen Patterson
|
Batting: RHB Randy Grewe
|
0-0: Foul Ball, location: 2F 0-1: Foul Ball, location: 2F 0-2: SINGLE (Groundball, 6MD, EV 105.6 MPH)
|
Batting: LHB Brian Dickeson
|
0-0: Grounds into double play, 4-6-3 (Groundball, 4, EV 101.2 MPH)
|
Batting: RHB David Clough
|
0-0: Ball 1-0: Ball 2-0: Called Strike 2-1: Ball 3-1: Base on Balls
|
Batting: SHB Cesar Pelayo
|
0-0: Ball 1-0: Swinging Strike 1-1: Foul Ball, location: 2F 1-2: Strikes out looking
|
Bottom of the 9th over - 0 runs, 1 hit, 0 errors, 1 left on base; Batavia 2 - Cincinnati (NYP) 1 |
|